 Dungeon Crawl Stone Soup version 0.21-a0-509-gecc5317 (webtiles) character file.

70 slep the Chopper (level 4, -3/37 HPs)
             Began as a Minotaur Gladiator on Dec 1, 2017.
             Slain by an adder (4 damage)
             ... on level 2 of the Dungeon.
             The game lasted 00:03:44 (1019 turns).

slep the Chopper (Minotaur Gladiator)               Turns: 1019, Time: 00:03:45

Health: -3/37      AC:  3    Str: 18    XL:     4   Next: 4%
Magic:  3/3        EV:  8    Int:  5    God:
Gold:   138        SH: 12    Dex: 13    Spells: 3/3 levels left

rFire    . . .     SeeInvis .   a - +0 war axe
rCold    . . .     Gourm    .   o - +0 large shield
rNeg     . . .     Faith    .   b - +0 leather armour
rPois    .         Spirit   .   c - +0 hat
rElec    .         Reflect  .   (no cloak)
rCorr    .         Harm     .   (no gloves)
MR       .....                  (no boots)
Stlth    +.........             (no amulet)
HPRegen  0.12/turn              (no ring)
MPRegen  0.08/turn              (no ring)

@: no status effects
A: retaliatory headbutt, horns 2
a: no special abilities


You were on level 2 of the Dungeon.
You were hungry.

You visited 1 branch of the dungeon, and saw 2 of its levels.

You collected 138 gold pieces.

Inventory:

Hand Weapons
 a - a +0 war axe (weapon)
Missiles
 d - 3 throwing nets (quivered)
Armour
 b - a +0 leather armour (worn)
 c - a +0 hat (worn)
 o - a +0 large shield (worn)
Wands
 r - a wand of polymorph (9)
Scrolls
 e - 4 scrolls of remove curse {unknown}
 g - a scroll of identify {unknown}
 j - 3 scrolls of blinking {unknown}
 m - 2 scrolls of random uselessness {unknown}
 n - 5 scrolls of teleportation {unknown}
Potions
 i - a potion of brilliance {unknown}
 k - a potion of curing {unknown}
 p - a potion of agility {unknown}
 s - a potion of degeneration {unknown}
Comestibles
 f - a bread ration
 h - 3 meat rations
 l - a royal jelly
 q - a fruit


   Skills:
 + Level 2.7 Fighting
 + Level 4.7 Axes
 + Level 2.1 Throwing
 + Level 1.3 Armour
 + Level 3.9 Dodging
 + Level 1.1 Shields


You had 3 spell levels left.
You didn't know any spells.

Dungeon Overview and Level Annotations

Branches:
Dungeon (2/15)

Altars:
Xom


Innate Abilities, Weirdness & Mutations

You reflexively headbutt those who attack you in melee.
You have a pair of horns on your head.


Message History

The goblin hits you with a club.
* * * LOW HITPOINT WARNING * * *
You block the goblin's attack.
You slash the goblin!
You kill the goblin!
You are feeling hungry.
You see here a club.
Found a leather armour.
You see here a leather armour.
Found 10 bolts.
An adder comes into view.
The adder bites you.
* * * LOW HITPOINT WARNING * * *
You hit the adder. Your headbutt misses the adder.
The adder is lightly wounded.
You block the adder's attack.
You miss the adder.
The adder is lightly wounded.
The adder bites you.
You die...

#.# #. #.#
#############. # #.#
#...........#.
#.###.####...<......†#.
#...........#######....
####.######(# ##.#.
#.## #†## #.#.##### #.#
..###@...# #... ###
#S###.# #### #.# #. #


You could see an adder.

Vanquished Creatures
  2 adders (D:2)
  A worm (D:2)
  A dart slug (D:2)
  5 leopard geckos
  2 bats (D:2)
  2 giant cockroaches
  3 hobgoblins
  A jackal (D:1)
  8 kobolds
  6 frilled lizards
  6 goblins
  6 rats
43 creatures vanquished.

Notes
Turn   | Place    | Note
-------+----------+-------------------------------------------
     0 | D:1      | slep the Minotaur Gladiator began the quest for the Orb.
     0 | D:1      | Reached XP level 1. HP: 18/18 MP: 0/0
   188 | D:1      | Reached XP level 2. HP: 6/25 MP: 1/1
   265 | D:1      | HP: 1/25 [kobold/club (1)]
   354 | D:1      | Reached skill level 4 in Axes
   757 | D:2      | Reached XP level 3. HP: 28/30 MP: 2/2
   803 | D:2      | Found a shimmering altar of Xom.
   876 | D:2      | Reached skill level 1 in Armour
   917 | D:2      | Reached skill level 1 in Shields
   956 | D:2      | Reached XP level 4. HP: 5/37 MP: 3/3
  1017 | D:2      | HP: 1/37 [adder (3)]
  1019 | D:2      | Slain by an adder

Vault maps used:
D:1:      roderic_octagonal_star
D:2:      xom_butterflies

Skill      XL: |  1  2  3 |
---------------+----------+-----
Axes           | 4 |  4.7
Armour         | 1 |  1.3
Shields        | 1 |  1.1
Fighting       | |  2.7
Throwing       | |  2.1
Dodging        | |  3.9

Action                   |  1- 3 |  4- 6 || total
-------------------------+-------+-------++-------
Melee: War axe           |    88 |     8 ||    96
       Headbutt          |    15 |       ||    15
Armor: Leather armour    |    15 |       ||    15
Dodge: Dodged            |    43 |     2 ||    45
Block: Large shield      |    43 |     2 ||    45

Table legend:
 A = Spawn XP
 B = Non-spawn XP
 C = Spawn XP percentage of total XP
 D = Spawn monster count
 E = Non-spawn monster count
 F = Spawn count percentage of total count
 G = Total turns spent on level
                    A         B        C        D         E        F      G
               +---------+---------+-------+---------+---------+-------+---------
         Total |       0 |     101 |   0.0 |       0 |      43 |   0.0 |  1019
               +---------+---------+-------+---------+---------+-------+---------
           D:1 |       0 |      29 |   0.0 |       0 |      18 |   0.0 |   679
           D:2 |       0 |      72 |   0.0 |       0 |      25 |   0.0 |   340
               +---------+---------+-------+---------+---------+-------+---------
